[Event "fics rated crazyhouse match"]
[Site "fics, Oklahoma City, OK USA"]
[Date "2001.01.20"]
[White "LINDEGREN"]
[WhiteElo "2293"]
[Black "venomous"]
[BlackElo "2446"]
[TimeControl "60+0"]
[Result "0-1"]

1. e4 Nf6 2. Nc3 d5 3. e5 Ne4 4. d4 Nc6 5. Nf3 Bg4 6. Be2 
e6 7. O-O Nxc3 8. bxc3 N@e4 9. Bd2 Nxd2 10. Qxd2 Bxf3 11. Bxf3 N@h4 
12. B@e2 B@g5 13. N@e3 Nxf3+ 14. Bxf3 Bfe7 15. N@h5 Rg8 16. Rab1 Rb8 17. N@h3 
B@g6 18. Ng3 Bxe3 19. fxe3 N@c4 20. Qe2 Na3 21. B@d3 Nxb1 22. Rxb1 Bxd3 
23. cxd3 B@g6 24. B@h5 Qd7 25. Bxg6 hxg6 26. B@h7 Rh8 27. Bxg6 fxg6 28. Bg4 
B@f7 29. Rf1 B@f5 30. Bxf5 exf5 31. N@g5 B@e6 32. Nxf7 Bxf7 33. Nf4 R@g4 
34. B@a5 Nxa5 35. e6 Bxe6 36. Nxe6 Qxe6 37. B@f3 Rxg3 38. hxg3 B@h2+ 39. Kf2 
Bxg3+ 40. Kxg3 Bh4+ 41. Kh2 Bf2+ 42. P@h3 P@g3+ 43. Kh1 P@g4 44. Bxg4 fxg4 
45. R@e5 Qxe5 46. dxe5 R@h2# 
{LINDEGREN checkmated} 0-1

[Event "fics rated crazyhouse match"]
[Site "fics, Oklahoma City, OK USA"]
[Date "2001.01.20"]
[White "venomous"]
[WhiteElo "2451"]
[Black "LINDEGREN"]
[BlackElo "2288"]
[TimeControl "60+0"]
[Result "1-0"]

1. e4 Nf6 2. Nc3 Nc6 3. Nf3 d5 4. exd5 Nxd5 5. Bc4 e6 6. Bxd5 
Bb4 7. Bxc6+ bxc6 8. d4 Qe7 9. N@h5 f6 10. P@h6 gxh6 11. Bxh6 B@g4 
12. P@g7 Rg8 13. Nf4 P@e4 14. O-O exf3 15. gxf3 N@h3+ 16. Nxh3 Bxh3 17. N@f4 
Bxf1 18. Qxf1 P@e5 19. B@h5+ N@g6 20. Nxg6 hxg6 21. Bxg6+ Kd7 22. dxe5 R@g5+ 
23. Bxg5 Rxg7 24. exf6 Rxg6 25. N@e5+ Ke8 26. Nxg6 Qf7 27. R@h8+ B@g8 28. P@h7 
Qxg6 29. hxg8=Q# 
{LINDEGREN resigns} 1-0

[Event "fics rated crazyhouse match"]
[Site "fics, Oklahoma City, OK USA"]
[Date "2001.01.20"]
[White "LINDEGREN"]
[WhiteElo "2283"]
[Black "venomous"]
[BlackElo "2456"]
[TimeControl "60+0"]
[Result "0-1"]

1. e4 Nf6 2. Nc3 d5 3. exd5 Nxd5 4. d4 Nc6 5. Nf3 Bg4 6. Bb5 
e6 7. h3 Bxf3 8. Qxf3 P@d7 9. Nxd5 exd5 10. Qxd5 Qe7+ 11. P@e5 N@b4 
12. Qe4 N@d6 13. N@d5 Nxe4 14. Nxe7 Nxc2+ 15. Kd1 Nxa1 16. B@d3 Nxf2+ 17. Ke2 
Nxh1 18. Bxc6 Q@f2# 
{LINDEGREN resigns} 0-1

[Event "fics rated crazyhouse match"]
[Site "fics, Oklahoma City, OK USA"]
[Date "2001.01.20"]
[White "venomous"]
[WhiteElo "2460"]
[Black "LINDEGREN"]
[BlackElo "2279"]
[TimeControl "60+0"]
[Result "1-0"]

1. e4 Nf6 2. Nc3 Nc6 3. Nf3 d5 4. exd5 Nxd5 5. Bc4 e6 6. d4 
Bb4 7. Bd2 Qe7 8. O-O Bxc3 9. bxc3 Nb6 10. Bb5 Bd7 11. B@c5 P@d6 
12. Bxb6 axb6 13. Re1 B@h5 14. d5 Bxf3 15. Qxf3 N@e5 16. Qg3 N@f5 17. Qh3 
exd5 18. B@g5 f6 19. P@g4 fxg5 20. gxf5 B@g4 21. Qxg4 Nxg4 22. B@h5+ P@g6 
23. Bxg4 Ne5 24. Bxd7+ Qxd7 25. B@e6 Qe7 26. Rxe5 dxe5 27. fxg6 hxg6 28. P@d7+ 
Kf8 29. Bxd5 B@f4 30. Bxf4 exf4 31. N@e6+ Qxe6 32. Bdxe6 R@e7 33. N@h7# 
{LINDEGREN resigns} 1-0

[Event "fics rated crazyhouse match"]
[Site "fics, Oklahoma City, OK USA"]
[Date "2001.01.20"]
[White "LINDEGREN"]
[WhiteElo "2275"]
[Black "venomous"]
[BlackElo "2464"]
[TimeControl "60+0"]
[Result "1-0"]

1. e4 Nf6 2. Nc3 d5 3. e5 Ne4 4. d4 Nc6 5. Nf3 Bg4 6. Be2 
e6 7. O-O Nxc3 8. bxc3 N@e4 9. Bd2 Nxd2 10. Qxd2 Be7 11. h3 Bxf3 
12. Bxf3 Bg5 13. B@e3 B@h6 14. Bxg5 Bxg5 15. B@e3 Bxe3 16. fxe3 N@c4 17. Qe2 
B@g5 18. B@f2 B@h6 19. N@h5 Rg8 20. N@g4 Qe7 21. Rae1 O-O-O 22. Rb1 N6a5 
23. Rb5 a6 24. Rxa5 Nxa5 25. N@c5 R@b6 26. Na4 Rb5 27. Nxh6 gxh6 28. B@c5 
Qd7 29. c4 dxc4 30. Nc3 Rxc5 31. dxc5 P@d3 32. R@a8+ B@b8 33. cxd3 cxd3 
34. P@a7 N@c6 35. axb8=Q+ Nxb8 36. B@a7 Qe7 37. Rxb8+ Kd7 38. N@f6+ Bxf6 39. Nxf6+ 
Qxf6 40. exf6 P@h2+ 41. Kh1 N@f5 42. Rxd8+ Rxd8 43. R@e7+ Nxe7 44. Q@d6# 
{venomous forfeits on time} 1-0

[Event "fics rated crazyhouse match"]
[Site "fics, Oklahoma City, OK USA"]
[Date "2001.01.20"]
[White "venomous"]
[WhiteElo "2452"]
[Black "LINDEGREN"]
[BlackElo "2287"]
[TimeControl "60+0"]
[Result "1-0"]

1. e4 Nf6 2. Nc3 Nc6 3. Nf3 d5 4. exd5 Nxd5 5. Bc4 e6 6. d4 
Bb4 7. Bd2 Qe7 8. O-O Nb6 9. Bb5 Bd7 10. Re1 Bxc3 11. bxc3 f5 
12. B@c5 P@d6 13. Bxb6 axb6 14. d5 B@h5 15. dxe6 Bxe6 16. P@d5 P@e4 17. dxe6 
exf3 18. B@f7+ Kd8 19. Bxh5 fxg2 20. N@f7+ Kc8 21. B@h3 P@g4 22. Bxg2 N@h3+ 
23. Bxh3 gxh3 24. P@d7+ Kb8 25. Nxh8 B@g2 26. N@g3 g6 27. R@e8+ Qxe8 28. dxe8=Q+ 
Ka7 29. Qxa8+ Kxa8 30. R@g8+ N@b8 31. Bxc6 Bxc6 32. Bf3 B@d5 33. Bxd5 Bxd5 
34. Rxb8+ Kxb8 35. N@d7+ Ka7 36. Q@b8+ Ka6 37. B@f1+ b5 38. N@b4+ Ka5 39. Qa7+ 
B@a6 40. Nxd5 P@g2 41. P@b4+ Ka4 42. N7b6+ Ka3 43. B@c1+ R@b2 44. Bxb2+ Kxb2 
45. Qc1# 
{LINDEGREN checkmated} 1-0

[Event "fics rated crazyhouse match"]
[Site "fics, Oklahoma City, OK USA"]
[Date "2001.01.20"]
[White "LINDEGREN"]
[WhiteElo "2283"]
[Black "venomous"]
[BlackElo "2456"]
[TimeControl "60+0"]
[Result "0-1"]

1. e4 Nf6 2. Nc3 d5 3. exd5 Nxd5 4. d4 Nc6 5. Nf3 e6 6. Bc4 
Nxc3 7. bxc3 N@e4 8. Bd2 Nxd2 9. Qxd2 B@e4 10. N@g5 Bxf3 11. Nxf3 N@e4 
12. Qe3 P@d5 13. Bb5 Bd7 14. O-O a6 15. Bxc6 bxc6 16. Ne5 B@f6 17. Nxd7 
Qxd7 18. N@g4 N@f5 19. Qe1 h5 20. N@e5 hxg4 21. Nxd7 Kxd7 22. B@b7 Rb8 
23. Bxc6+ Kxc6 24. a4 Kd7 25. P@b5 Bd6 26. B@c6+ Ke7 27. Q@d7+ Kf8 28. bxa6 
Bxh2+ 29. Kh1 Bg3+ 30. P@h3 gxh3 
{LINDEGREN resigns} 0-1

[Event "fics rated crazyhouse match"]
[Site "fics, Oklahoma City, OK USA"]
[Date "2001.01.20"]
[White "venomous"]
[WhiteElo "2460"]
[Black "LINDEGREN"]
[BlackElo "2279"]
[TimeControl "60+0"]
[Result "1-0"]

1. e4 Nf6 2. Nc3 e5 3. Nf3 Nc6 4. Be2 Bc5 5. O-O d6 6. d3 
Bg4 7. Bg5 Bxf3 8. Bxf3 Nd4 9. Nd5 Nxd5 10. Bxd8 Rxd8 11. exd5 N@g5 
12. Bg4 N@f6 13. N@h5 Nxh5 14. Bxh5 B@g6 15. B@h4 Bxh5 16. Bxg5 O-O 17. N@e7+ 
Kh8 18. Qxh5 B@g6 19. Q@g8+ Rxg8 20. Nxg6# 
{LINDEGREN resigns} 1-0

[Event "fics rated crazyhouse match"]
[Site "fics, Oklahoma City, OK USA"]
[Date "2001.01.20"]
[White "LINDEGREN"]
[WhiteElo "2275"]
[Black "venomous"]
[BlackElo "2464"]
[TimeControl "60+0"]
[Result "0-1"]

1. e4 Nf6 2. Nc3 d5 3. e5 Ne4 4. d4 Nc6 5. Nf3 Bg4 6. Bb5 
e6 7. h3 Bxf3 8. Qxf3 N@h4 9. Qh5 Nxg2+ 10. Kf1 Nh4 11. B@f3 Nxf3 
12. Qxf3 Nxc3 13. bxc3 N@h4 14. Qg4 P@g2+ 15. Qxg2 Nxg2 16. Kxg2 B@e4+ 17. P@f3 
Bxf3+ 18. Kxf3 Q@e4+ 19. Kg3 Qxh1 
{LINDEGREN resigns} 0-1

[Event "fics rated crazyhouse match"]
[Site "fics, Oklahoma City, OK USA"]
[Date "2001.01.20"]
[White "venomous"]
[WhiteElo "2468"]
[Black "LINDEGREN"]
[BlackElo "2271"]
[TimeControl "60+0"]
[Result "0-1"]

1. e4 e6 2. d4 b6 3. Be3 Bb7 4. Bd3 Bb4+ 5. c3 Be7 6. Nd2 
Nf6 7. Ngf3 d5 8. e5 Ne4 9. O-O Nxd2 10. Qxd2 N@e4 11. Qc2 f5 
12. exf6 Nxf6 13. P@e5 Ne4 14. Rae1 O-O 15. N@g3 P@f5 16. Bf4 Nd7 17. Nd2 
Rc8 18. f3 c5 19. dxc5 Bxc5+ 20. P@d4 Bxd4+ 21. cxd4 Rxc2 22. Bxc2 Nxd2 
23. Bxd2 f4 24. Nh5 P@g6 25. Nxg7 Q@g5 26. R@g4 Qxg4 27. fxg4 P@e3 28. N@h6+ 
Kxg7 29. P@f6+ Nxf6 30. exf6+ Qxf6 31. Bxe3 fxe3 32. B@h8+ Kxh8 33. N@f7+ Kg7 
34. Rxf6 P@f2+ 35. Rxf2 exf2+ 36. Kxf2 B@h4+ 37. P@g3 R@d2+ 38. P@e2 P@e3+ 39. Kxe3 
N@c4+ 40. Kf2 B@e3+ 41. Kf3 R@f2# 
{venomous checkmated} 0-1

[Event "fics rated crazyhouse match"]
[Site "fics, Oklahoma City, OK USA"]
[Date "2001.01.20"]
[White "LINDEGREN"]
[WhiteElo "2283"]
[Black "venomous"]
[BlackElo "2456"]
[TimeControl "60+0"]
[Result "0-1"]

1. e4 Nf6 2. Nc3 d5 3. exd5 Nxd5 4. d4 Nc6 5. Nf3 e6 6. Bb5 
Bd7 7. Nxd5 exd5 8. Bxc6 bxc6 9. Qe2+ Qe7 10. Ne5 N@h4 11. f3 P@f6 
12. P@g3 fxe5 13. c3 exd4 14. Qxe7+ Bxe7 15. gxh4 N@c2+ 16. Kd1 Nxa1 17. Q@e2 
P@c2+ 18. Ke1 R@d1# 
{LINDEGREN resigns} 0-1

[Event "fics rated crazyhouse match"]
[Site "fics, Oklahoma City, OK USA"]
[Date "2001.01.20"]
[White "venomous"]
[WhiteElo "2460"]
[Black "LINDEGREN"]
[BlackElo "2279"]
[TimeControl "60+0"]
[Result "0-1"]

1. e4 e6 2. Nc3 Nf6 3. d4 Bb4 4. Bd3 d5 5. exd5 Nxd5 6. Bd2 
P@a3 7. Nxd5 Bxd2+ 8. Qxd2 axb2 9. Rd1 exd5 10. B@a3 B@d6 11. Bxd6 cxd6 
12. N@h5 Qe7+ 13. Qe2 B@a5+ 14. P@d2 P@e4 15. Nxg7+ Kd8 16. Bb5 N@f4 17. Qf1 
Bxd2+ 18. Kxd2 Nc6 19. Bxc6 bxc6 20. B@b3 B@a5+ 21. P@c3 P@d3 22. cxd3 exd3 
23. P@e5 P@e2 24. Nxe2 dxe2 25. Qxe2 Nxe2 26. B@f6 N@e4+ 27. Kxe2 Nxf6 28. Rhe1 
Ba6+ 29. P@d3 B@g6 30. Kf1 Bgxd3+ 31. Kg1 P@e2 32. Rd2 Q@f1# 
{venomous resigns} 0-1

[Event "fics rated crazyhouse match"]
[Site "fics, Oklahoma City, OK USA"]
[Date "2001.01.20"]
[White "LINDEGREN"]
[WhiteElo "2291"]
[Black "venomous"]
[BlackElo "2448"]
[TimeControl "60+0"]
[Result "1-0"]

1. e4 Nf6 2. e5 Nd5 3. d4 e6 4. Nf3 d6 5. Bd3 Nc6 6. O-O 
dxe5 7. dxe5 P@g4 8. Ng5 Nxe5 9. Nc3 Nxd3 10. cxd3 P@f3 11. Nxf3 gxf3 
12. Qxf3 N@e5 13. Qg3 B@d6 14. Nxd5 exd5 15. Re1 Be6 16. Qe3 d4 17. Qd2 
N@f3+ 18. Kh1 Nxd2 19. Bxd2 Bd5 20. N@f4 Bxg2+ 21. Nxg2 P@f3 22. B@f1 Bfe7 
23. N@h5 Rg8 24. N@f5 Bf6 25. P@g5 fxg2+ 26. Bxg2 Qd7 27. gxf6 Qxf5 28. Nxg7+ 
Rxg7 29. fxg7 O-O-O 30. R@a8+ N@b8 31. P@a6 c6 32. axb7+ Kxb7 33. Rxb8+ Kxb8 
34. N@a6+ Ka8 35. Bxc6+ Nxc6 36. B@g2 P@f3 37. Bxf3 Qxf3+ 38. P@g2 Qh5 39. P@e5 
Bxe5 40. Rxe5 Qxe5 41. P@b7+ Kxb7 42. Nc5+ Qxc5 43. B@f3 P@d5 44. Rg1 P@e4 
45. P@a6+ Kxa6 46. dxe4 Q@e2 47. P@b5# 
{venomous forfeits on time} 1-0

[Event "fics rated crazyhouse match"]
[Site "fics, Oklahoma City, OK USA"]
[Date "2001.01.20"]
[White "venomous"]
[WhiteElo "2437"]
[Black "jtp"]
[BlackElo "2173"]
[TimeControl "60+0"]
[Result "1-0"]

1. e4 Nf6 2. Nc3 d5 3. exd5 Nxd5 4. Bc4 e6 5. d4 Bb4 6. Bd2 
Bxc3 7. bxc3 N@e4 8. Bxd5 exd5 9. N@h5 Rg8 10. P@d3 Nxd2 11. Qxd2 Qe7+ 
12. Ne2 B@g4 13. N@f4 Bxh5 14. Nxh5 B@g4 15. B@g5 N@h4 16. Bxh4 Qxh4 17. Nxg7+ 
Rxg7 18. B@g3 Qe7 19. P@e5 Bxe2 20. Qxe2 N@a3 21. N@f6+ Kd8 22. Nxd5 P@b2 
23. Rd1 N@c1 24. P@f6 Qe8 25. B@e7+ Kd7 26. fxg7 Nxe2 27. Nf6+ Kxe7 28. g8=N+ 
Kf8 29. Nxe8 Nxg3 30. Q@e7+ Kxg8 31. R@f8# 
{jtp checkmated} 1-0

[Event "fics rated crazyhouse match"]
[Site "fics, Oklahoma City, OK USA"]
[Date "2000.01.21"]
[White "Igy"]
[WhiteElo "2176"]
[Black "Gobi"]
[BlackElo "2351"]
[TimeControl "60+0"]
[Result "0-1"]

1. e4 e5 2. Nc3 Nc6 3. Nf3 Nf6 4. Bc4 Bc5 5. O-O O-O 6. d3 
d6 7. Bg5 Be6 8. Bxe6 fxe6 9. B@b3 Qe7 10. Bxf6 Rxf6 11. Ng5 Nd4 
12. N@h5 Rg6 13. Nxe6 Nxb3 14. P@f5 Rxe6 15. axb3 Rh6 16. Nd5 Qg5 17. f6 
Rxh5 18. fxg7 Qxg2+ 19. Kxg2 B@h3+ 20. Kf3 B@g4+ 21. Kg3 P@h4# 
{Igy checkmated} 0-1

[Event "fics rated crazyhouse match"]
[Site "fics, Oklahoma City, OK USA"]
[Date "2000.01.21"]
[White "Gobi"]
[WhiteElo "2355"]
[Black "Igy"]
[BlackElo "2172"]
[TimeControl "60+0"]
[Result "0-1"]

1. e4 e5 2. Nf3 Nc6 3. Bc4 Bc5 4. O-O Nf6 5. Nc3 d6 6. Ng5 
O-O 7. d3 Qe7 8. Be3 Nd4 9. Bxd4 exd4 10. Na4 Bg4 11. Qd2 B@h6 
12. Nxc5 dxc5 13. B@f4 N@e2+ 14. Kh1 Nxf4 15. Qxf4 B@e5 16. Qd2 c6 17. f4 
Bxg5 18. fxg5 Nh5 19. B@h4 N@e3 20. N@f5 Bxf5 21. exf5 Bxh2 22. Kxh2 P@f4 
23. f6 N@g4+ 24. Kh3 Qd7 
{Gobi forfeits on time} 0-1

[Event "fics rated crazyhouse match"]
[Site "fics, Oklahoma City, OK USA"]
[Date "2000.01.21"]
[White "Igy"]
[WhiteElo "2184"]
[Black "Gobi"]
[BlackElo "2343"]
[TimeControl "60+0"]
[Result "1-0"]

1. e4 Nf6 2. Nc3 d5 3. exd5 Nxd5 4. Bc4 e6 5. d4 Be7 6. Nf3 
Nc6 7. O-O P@g4 8. Ne5 Nxe5 9. dxe5 Nxc3 10. Qxg4 Qd4 11. Qxg7 Rf8 
12. bxc3 Qxc4 13. P@f6 N@e2+ 14. Kh1 Ng3+ 15. hxg3 Qxf1+ 16. N@g1 Qxg1+ 17. Kxg1 
R@e1+ 18. N@f1 N@e2+ 19. Kh2 B@g1+ 20. Kh3 Bc5 21. P@e7 Kd7 22. exf8=N# 
{Gobi forfeits on time} 1-0

[Event "fics rated crazyhouse match"]
[Site "fics, Oklahoma City, OK USA"]
[Date "2000.01.21"]
[White "Gobi"]
[WhiteElo "2332"]
[Black "Igy"]
[BlackElo "2195"]
[TimeControl "60+0"]
[Result "1-0"]

1. e4 e6 2. Nc3 Nc6 3. Nf3 Nf6 4. Bb5 Bb4 5. O-O Bxc3 6. dxc3 
Nxe4 7. B@h4 P@f6 8. Re1 d5 9. Ne5 Bd7 10. Nxd7 Qxd7 11. Rxe4 N@f5 
12. Rg4 Nxh4 13. Rxh4 N@f5 14. Rg4 B@h5 15. Bf4 Bxg4 16. Qxg4 R@g6 17. Qh3 
a6 18. Bxc6 Qxc6 19. B@h5 O-O-O 20. Qxf5 exf5 21. N@e7+ Kd7 22. Nxc6 Rxg2+ 
23. Kxg2 P@h3+ 24. Kf1 B@g2+ 25. Ke2 Rhe8+ 26. N@e5+ fxe5 27. N@c5# 
{Igy forfeits on time} 1-0

[Event "fics rated crazyhouse match"]
[Site "fics, Oklahoma City, OK USA"]
[Date "2000.01.21"]
[White "Igy"]
[WhiteElo "2190"]
[Black "Gobi"]
[BlackElo "2337"]
[TimeControl "60+0"]
[Result "0-1"]

1. e3 Nf6 2. Nc3 e5 3. Nf3 Nc6 4. d4 e4 5. Ng5 Bb4 6. Bb5 
O-O 7. a3 Bxc3+ 8. bxc3 d5 9. Bxc6 bxc6 10. B@h4 Ba6 11. N@e5 B@e8 
12. Nh3 N@a4 13. Bd2 c5 14. Nf4 cxd4 15. exd4 P@d6 16. Ng4 Nxg4 17. Bxd8 
Nxf2 18. Kxf2 e3+ 19. Bxe3 N@e4+ 20. Kg1 Beb5 21. Qg4 Rfxd8 22. Qxg7+ Kxg7 
23. N@h5+ Kf8 24. P@g7+ Ke7 25. P@f6+ Kd7 26. Q@e7+ Kc6 
{Igy forfeits on time} 0-1

[Event "fics rated crazyhouse match"]
[Site "fics, Oklahoma City, OK USA"]
[Date "2000.01.21"]
[White "Gobi"]
[WhiteElo "2342"]
[Black "Igy"]
[BlackElo "2185"]
[TimeControl "60+0"]
[Result "1-0"]

1. Nc3 Nf6 2. e4 Nc6 3. d4 d5 4. exd5 Nxd5 5. Bc4 e6 6. Nf3 
Bb4 7. Bd2 Bxc3 8. bxc3 N@f4 9. Rg1 Bd7 10. P@e4 Nb6 11. Bb5 Ng6 
12. B@h5 a6 13. Bd3 Na5 14. Rb1 Nac4 15. Bxc4 Nxc4 16. Rxb7 Bc6 17. Bxg6 
hxg6 18. N@e5 Nxe5 19. Nxe5 Bxb7 20. P@c6 Bc8 21. Nxf7 Kxf7 22. N@e5+ Ke7 
23. Nxg6+ Ke8 24. P@f7+ Kxf7 25. N@e5+ Kg8 26. P@f7+ Kh7 27. Nxh8 R@e2+ 28. Qxe2 
{Igy forfeits on time} 1-0

[Event "fics rated crazyhouse match"]
[Site "fics, Oklahoma City, OK USA"]
[Date "2000.01.21"]
[White "Igy"]
[WhiteElo "2180"]
[Black "Gobi"]
[BlackElo "2347"]
[TimeControl "60+0"]
[Result "0-1"]

1. e4 Nf6 2. Nc3 Nc6 3. Nf3 e5 4. Bb5 Bc5 5. Bxc6 dxc6 6. O-O 
Bg4 7. N@f5 Bxf5 8. exf5 B@g4 9. B@h4 N@d4 10. d3 Nxf3+ 11. gxf3 Bxf5 
12. N@e4 Be7 13. Ng3 Bh3 14. Re1 N@g6 15. Bxf6 Bxf6 16. Nce4 B@b6 17. N@h5 
Rg8 18. Bd2 P@f4 19. Ne2 Bxf2+ 20. Nxf2 P@e3 21. Nxh3 exd2 22. Qxd2 B@e3+ 
23. Qxe3 fxe3 24. B@g3 Nh4 25. Bxh4 Bxh4 26. Rf1 B@f2+ 27. Kh1 Q@g2+ 28. Kxg2 
Qg5# 
{Igy forfeits on time} 0-1

[Event "fics rated crazyhouse match"]
[Site "fics, Oklahoma City, OK USA"]
[Date "2000.01.21"]
[White "Gobi"]
[WhiteElo "2351"]
[Black "Igy"]
[BlackElo "2176"]
[TimeControl "60+0"]
[Result "0-1"]

1. e4 e6 2. Nc3 Nc6 3. Nf3 Nf6 4. d4 Bb4 5. Bg5 Nxe4 6. Bxd8 
Nxc3 7. Bxc7 Nxd1+ 8. Kxd1 P@e4 9. Nd2 e3 10. fxe3 N@f2+ 11. Ke2 Nxh1 
12. Bg3 Nxg3+ 13. hxg3 O-O 14. Ne4 B@e7 15. P@f6 R@g6 16. fxe7 Nxe7 17. N@f4 
Rg4 18. P@c3 Bd6 19. Nxd6 P@g5 20. Nh5 Q@g6 21. B@f3 Rxg3 22. B@h3 P@d3+ 
23. Kd2 Rxh3 24. N@f6+ gxf6 25. Q@h8+ Kxh8 26. Nxf6 Q@e2# 
{Gobi forfeits on time} 0-1

[Event "fics rated crazyhouse match"]
[Site "fics, Oklahoma City, OK USA"]
[Date "2000.01.21"]
[White "Gobi"]
[WhiteElo "2344"]
[Black "Igy"]
[BlackElo "2183"]
[TimeControl "60+0"]
[Result "1-0"]

1. e4 Nf6 2. Nc3 Nc6 3. d4 e6 4. e5 Nd5 5. Nxd5 exd5 6. Nf3 
d6 7. Bb5 dxe5 8. Nxe5 P@d7 9. Bxc6 dxc6 10. Nxf7 Qe7+ 11. Ne5 Be6 
12. N@g5 O-O-O 13. Nxe6 Qxe6 14. B@g4 N@f5 15. N@g5 Bb4+ 16. P@c3 Qe7 17. Bxf5+ 
Kb8 18. cxb4 B@f6 19. B@c5 N@d6 20. N@d7+ Ka8 21. P@a6 bxa6 22. Be3 P@b7 
23. Bxd6 cxd6 24. N@b6+ axb6 25. Nxb6+ Ka7 26. P@c5 dxc5 27. dxc5 Bxe5 28. P@d6 
Qf7 29. Nxf7 B@b8 30. Nxd5 cxd5 31. Nxe5 N@c4 32. c6+ b6 33. Nxc4 
{Igy forfeits on time} 1-0

[Event "fics rated crazyhouse match"]
[Site "fics, Oklahoma City, OK USA"]
[Date "2000.01.21"]
[White "Igy"]
[WhiteElo "2178"]
[Black "Gobi"]
[BlackElo "2349"]
[TimeControl "60+0"]
[Result "0-1"]

1. d3 Nf6 2. Nf3 d5 3. Nc3 d4 4. Ne4 Nc6 5. e3 Bg4 6. Be2 
Nxe4 7. dxe4 Bxf3 8. Bxf3 e5 9. B@d5 Bd6 10. Bxc6+ bxc6 11. exd4 exd4 
12. N@f5 B@f6 13. P@g5 Bfe5 14. N@h5 N@e6 15. Nxd6+ cxd6 16. B@f5 P@g6 17. Bxe6 
fxe6 18. Nf4 B@f7 19. N@c4 Bxf4 20. Bxf4 e5 21. Nxe5 dxe5 22. Bxe5 Qa5+ 
23. B@c3 Qxe5 24. Bxd4 B@a5+ 25. P@c3 Qxg5 26. Bxg7 P@d2+ 27. Kf1 N@c4 28. Bxh8 
N@e3+ 29. Kg1 N@h3# 
{Igy checkmated} 0-1

[Event "fics rated crazyhouse match"]
[Site "fics, Oklahoma City, OK USA"]
[Date "2000.01.21"]
[White "Gobi"]
[WhiteElo "2353"]
[Black "Igy"]
[BlackElo "2174"]
[TimeControl "60+0"]
[Result "1-0"]

1. e4 Nf6 2. e5 Nd5 3. Bc4 e6 4. d4 d6 5. Nf3 Nc6 6. O-O 
Bd7 7. Nc3 Nxc3 8. bxc3 dxe5 9. Nxe5 Nxe5 10. dxe5 Bc6 11. Qxd8+ Rxd8 
12. N@f4 N@g5 13. Q@g4 N@e4 14. Nxe6 fxe6 15. Bxg5 Nxg5 16. Bxe6 Q@g6 17. P@f7+ 
Nxf7 18. Qxg6 N@e2+ 19. Kh1 hxg6 20. Bxf7+ Kxf7 21. N@g5+ Ke7 22. Q@e6# 
{Igy checkmated} 1-0

[Event "fics rated crazyhouse match"]
[Site "fics, Oklahoma City, OK USA"]
[Date "2000.01.21"]
[White "Igy"]
[WhiteElo "2170"]
[Black "Gobi"]
[BlackElo "2357"]
[TimeControl "60+0"]
[Result "1-0"]

1. e4 Nf6 2. e5 Nd5 3. d4 d6 4. Nf3 Bg4 5. Bc4 e6 6. Nc3 
dxe5 7. Bxd5 exd5 8. dxe5 B@a5 9. h3 Bxf3 10. Qxf3 P@d4 11. N@g5 N@h6 
12. e6 fxe6 13. B@f7+ Ke7 14. Nxe6 Nxf7 15. Nxd8 Nxd8 16. Bg5+ P@f6 17. Qxd5 
dxc3 18. O-O N@e2+ 19. Kh1 B@c6 20. Qxa5 N@g3+ 21. fxg3 Nxg3+ 22. Kg1 P@h2+ 
23. Kf2 Ne4+ 24. Ke2 Ne6 25. Qxc7+ Nxc7 26. Q@d8# 
{Gobi forfeits on time} 1-0

[Event "fics rated crazyhouse match"]
[Site "fics, Oklahoma City, OK USA"]
[Date "2000.01.21"]
[White "Gobi"]
[WhiteElo "2345"]
[Black "Igy"]
[BlackElo "2182"]
[TimeControl "60+0"]
[Result "1-0"]

1. Nf3 e6 2. d4 Nc6 3. e4 Nf6 4. Bg5 Bb4+ 5. c3 Be7 6. Nbd2 
d5 7. Bxf6 Bxf6 8. Bd3 B@h5 9. N@f4 Bg5 10. Nxh5 dxe4 11. Nxe4 P@d2+ 
12. Kf1 Bf6 13. Nexf6+ gxf6 14. B@g7 Rg8 15. Nxf6+ Ke7 16. Nxg8+ Qxg8 17. B@h4+ 
Ke8 18. Bb5 Bd7 19. Bxc6 Qxg7 20. Bxd7+ Kxd7 21. N@c5+ Ke8 22. P@d7+ Kf8 
23. P@e7+ Kg8 24. R@e8+ B@f8 25. exf8=Q+ Qxf8 26. Rxf8+ Rxf8 27. B@e5 B@b5+ 28. B@e2 
Bxe2+ 29. Qxe2 P@g7 30. Bxg7 N@g6 31. Bxf8 N@g3+ 32. hxg3 Kxf8 33. Qxd2 
{Igy forfeits on time} 1-0

[Event "fics rated crazyhouse match"]
[Site "fics, Oklahoma City, OK USA"]
[Date "2000.01.21"]
[White "Igy"]
[WhiteElo "2177"]
[Black "Gobi"]
[BlackElo "2350"]
[TimeControl "60+0"]
[Result "1-0"]

1. e3 e6 2. d3 Nf6 3. Nf3 c5 4. Nc3 d5 5. Be2 Nc6 6. Bd2 
a6 7. O-O Bd6 8. Kh1 O-O 9. Re1 b5 10. Bf1 Bb7 11. Qe2 b4 
12. Nd1 e5 13. e4 Nd4 14. Nxd4 cxd4 15. N@f5 dxe4 16. dxe4 Bxe4 17. Nxd6 
Qxd6 18. P@g5 d3 19. cxd3 Bxd3 20. Qxd3 Qxd3 21. Bxd3 P@h3 22. B@b7 N@d5 
23. B@f3 hxg2+ 24. Bxg2 P@g3 25. fxg3 P@c2 26. Bxc2 N@d4 27. gxf6 Nxf6 28. Bd3 
P@e2 29. Bxe2 Nxe2 30. Rxe2 Ra7 31. P@g5 Kh8 32. gxf6 
{Gobi forfeits on time} 1-0

[Event "fics rated crazyhouse match"]
[Site "fics, Oklahoma City, OK USA"]
[Date "2000.01.21"]
[White "Gobi"]
[WhiteElo "2338"]
[Black "Igy"]
[BlackElo "2189"]
[TimeControl "60+0"]
[Result "1-0"]

1. e4 e6 2. d4 d6 3. Bd3 Bd7 4. Nc3 Be7 5. Nh3 Nc6 6. d5 
Nb8 7. Nf4 e5 8. Nh5 Bf8 9. h3 Ne7 10. O-O Ng6 11. f4 exf4 
12. Nxf4 Ne5 13. P@e6 Bc8 14. exf7+ Nxf7 15. P@e6 Ne5 16. Qh5+ P@g6 17. Nxg6 
Nxg6 18. P@f7+ Ke7 19. Bg5+ P@f6 20. Qxg6 hxg6 21. N@g8+ Rxg8 22. fxg8=N+ Ke8 
23. Rxf6 Qe7 24. P@f7+ Kd8 25. R@e8+ Qxe8 26. fxe8=Q+ Kxe8 27. Rxf8+ Kxf8 28. Q@f7# 
{Igy checkmated} 1-0

[Event "fics rated crazyhouse match"]
[Site "fics, Oklahoma City, OK USA"]
[Date "2000.01.21"]
[White "Igy"]
[WhiteElo "2184"]
[Black "Gobi"]
[BlackElo "2343"]
[TimeControl "60+0"]
[Result "1-0"]

1. e4 d6 2. Nc3 Nf6 3. Nf3 a6 4. Bc4 e6 5. d4 Be7 6. O-O 
Nc6 7. h3 O-O 8. Bf4 d5 9. Bd3 dxe4 10. Nxe4 Nxe4 11. Bxe4 f5 
12. Bxc6 bxc6 13. Ne5 B@e8 14. P@h5 P@g4 15. hxg4 fxg4 16. Qxg4 Rxf4 17. N@h6+ 
Kf8 18. Qxf4+ Bf7 19. R@g8# 
{Gobi checkmated} 1-0

[Event "fics rated crazyhouse match"]
[Site "fics, Oklahoma City, OK USA"]
[Date "2000.01.21"]
[White "Gobi"]
[WhiteElo "2332"]
[Black "Igy"]
[BlackElo "2195"]
[TimeControl "60+0"]
[Result "1-0"]

1. e4 e6 2. d4 Nc6 3. Nf3 Nf6 4. Bg5 Bb4+ 5. Nbd2 Be7 6. Bd3 
d5 7. e5 Nd7 8. h4 Nb6 9. Bb5 Bd7 10. Bxc6 Bxc6 11. Bxe7 Qxe7 
12. B@c5 Qd7 13. N@h5 Rg8 14. Bxb6 B@e7 15. Bxc7 Qxc7 16. P@d6 Bxd6 17. exd6 
Qxd6 18. B@c5 Qc7 19. N@f6+ gxf6 20. Nxf6+ Kd8 21. P@e7+ Kc8 22. Nxg8 B@e8 
23. R@d8+ Qxd8 24. exd8=Q+ Kxd8 25. Be7+ Kc7 26. Q@d6+ Kb6 27. Qc5+ Ka6 28. Qe2+ 
P@b5 29. a4 B@c4 30. axb5# 
{Igy checkmated} 1-0

[Event "fics rated crazyhouse match"]
[Site "fics, Oklahoma City, OK USA"]
[Date "2000.01.21"]
[White "Igy"]
[WhiteElo "2190"]
[Black "Gobi"]
[BlackElo "2337"]
[TimeControl "60+0"]
[Result "1-0"]

1. e3 d5 2. Nc3 Nf6 3. Nf3 Bg4 4. Bb5+ Nbd7 5. h3 Bxf3 6. Qxf3 
c6 7. Bf1 e5 8. d3 Bb4 9. Bd2 O-O 10. B@h4 Re8 11. e4 N@d4 
12. Qd1 Qb6 13. exd5 cxd5 14. Bxf6 Nxf6 15. P@g5 P@e3 16. Bxe3 Nd7 17. P@h6 
B@a3 18. N@a4 Qa5 19. bxa3 Bxc3+ 20. Nxc3 Qxc3+ 21. B@d2 Nxc2+ 22. Qxc2 Qxc2 
23. B@d1 
{Gobi forfeits on time} 1-0